 Dungeon Crawl Stone Soup version 0.30-a0-377-g5cb311bc9f (webtiles) character file.

Game seed: 4943767439326074224

304 tio the Conjurer (level 6, -9/43 HPs)
             Began as a Human Conjurer on Nov 28, 2022.
             Was an Initiate of Gozag.
             Mangled by a wandering mushroom (14 damage)
             ... created by the enmity of Fedhas Madash
             ... on level 4 of the Dungeon.
             The game lasted 00:34:54 (3316 turns).

tio the Conjurer (Human Conjurer)                   Turns: 3316, Time: 00:34:57

Health: -9/43      AC:  1    Str: 11    XL:     6   Next: 66%
Magic:  8/11       EV: 12    Int: 23    God:    Gozag
Gold:   218        SH:  0    Dex:  9    Spells: 8/11 levels left

rFire   . . .      SeeInvis +    p - +1 dagger (venom)
rCold   . . .      Faith    .    (no shield)
rNeg    . . .      Spirit   .    a - +2 robe
rPois   .          Reflect  .    (no helmet)
rElec   .          Harm     .    i - +0 cloak
rCorr   .          Rampage  .    (no gloves)
Will    .....                    (no boots)
Stlth   ++........               (no amulet)
HPRegen 0.27/turn                d - ring of see invisible
MPRegen 0.12/turn                (no ring)

@: corroded
A: talons 1, clever 1, strong 1, subdued magic 1
a: Renounce Religion, Potion Petition, Call Merchant, Bribe Branch


You were on level 4 of the Dungeon.
You worshipped Gozag.
Gozag was aware of your devotion.
You visited 1 branch of the dungeon, and saw 4 of its levels.

You collected 348 gold pieces.
You spent 100 gold pieces at shops.
You paid 30 gold pieces to Gozag.

Inventory:

Hand Weapons
 c - a +0 spear
 p - a +1 dagger of venom (weapon)
Armour
 a - a +2 robe (worn)
 i - a +0 cloak (worn)
Jewellery
 d - a ring of see invisible (left hand)
 n - a ring of wizardry
Wands
 j - a wand of paralysis (4)
Scrolls
 h - a scroll of magic mapping
Potions
 l - a potion of degeneration {unknown}


   Skills:
 + Level 1.2 Fighting
 + Level 0.2 Maces & Flails
 + Level 1.2 Polearms
 + Level 2.9 Dodging
 + Level 3.0 Stealth
 + Level 3.4 Spellcasting
 + Level 5.4 Conjurations
 + Level 0.2 Evocations


You had 8 spell levels left.
You knew the following spells:

 Your Spells              Type           Power      Damage    Failure   Level
a - Magic Dart            Conj           88%        1d7       1%          1
b - Searing Ray           Conj           44%        2d6       1%          2

Your spell library contained the following spells:

 Spells                   Type           Power      Damage    Failure   Level
 Dazzling Flash           Conj/Hex       24%        N/A       9%          3
 Fulminant Prism          Conj/Hex       6%         3d7       32%         4
 Iskenderun's Mystic Bla  Conj/Tloc      12%        2d5       32%         4


Dungeon Overview and Level Annotations

Branches:
Dungeon (4/15)
 Temple: D:4-7

Altars:
Fedhas
Gozag
Nemelex Xobeh

Shops:
D:3 !   D:4 *

Annotations:
D:4 exclusion: oklob plant, Grinder


Innate Abilities, Weirdness & Mutations

You have sharp toenails.
Your mind is acute. (Int +4, Str/Dex -1)
Your muscles are strong. (Str +4, Int/Dex -1)
Your spells are a little easier to cast, but a little less powerful.


Message History

Menkaure is severely damaged.
The magic dart hits Menkaure but does no damage.
Menkaure is severely damaged.
The magic dart hits Menkaure.
Menkaure is severely damaged.
You hear the brisk rusting of a distant drain.
The helpless Menkaure fails to defend himself.
You hit Menkaure.
You destroy Menkaure!
Your Polearms skill increases to level 1!
Your Stealth skill increases to level 3!
Your Spellcasting skill increases to level 3!
You have reached level 6!
You now have 218 gold pieces (gained 13).
You see here a +0 ring mail.
You hear the quick rusting of a drain nearby.
Plants grow around you in an ominous manner.
Marking area around an oklob plant as unsafe for travelling.
An oklob plant comes into view.
There are monsters nearby!
The magic dart hits the oklob plant but does no damage.
The magic dart hits the oklob plant but does no damage.
The wandering mushroom releases spores at you!
You are engulfed in a cloud of spores!
The magic dart hits the oklob plant.
The oklob plant is lightly damaged.
You hear the quick rusting of a drain nearby.
The wandering mushroom completely misses you.
The oklob plant spits acid at you. The splash of acid hits you!!
Ouch! That really hurt!
* * * LOW HITPOINT WARNING * * *
The acid corrodes you!
Aiming: Paralyse
Press: ? - help, Q - select action, (/) - cycle Shift-Dir - straight line, f - wandering mushroom, p - oklob plant
Aim: a wandering mushroom (durably summoned, chance to affect: 31%)
The wandering mushroom easily resists.
The wandering mushroom releases spores at you!
You die...
Your body crumbles into a pile of gold.

########.....
#............
##.#####.....)
##...## ##.....
##.....####.#.##
###.......#[..#.##
#....(_.....###.##
#f#.......#####.##
#@##.....## #....
#.###...## #....
#.# ##.## .....###
#.P ..........# #
####.##.#####. #
#. # # # ### ....
####


You could see an oklob plant and a wandering mushroom.

Vanquished Creatures
  Menkaure (D:4)
  A centaur (D:4)
  3 adders (D:3)
  4 dart slugs
  An orc (D:3)
  6 bats
  5 endoplasms
  A giant cockroach (D:1)
  9 goblins
  5 hobgoblins
  2 jackals (D:1)
  2 quokkas (D:2)
  7 ball pythons
  A frilled lizard (D:1)
  4 kobolds
  6 rats
58 creatures vanquished.

Vanquished Creatures (collateral kills)
  A ball python (D:4)
  A hobgoblin (D:4)
2 creatures vanquished.

Vanquished Creatures (others)
  A plant (D:1)
1 creature vanquished.

Grand Total: 61 creatures vanquished

Notes
Turn   | Place    | Note
-------+----------+-------------------------------------------
     0 | D:1      | tio the Human Conjurer began the quest for the Orb.
     0 | D:1      | Reached XP level 1. HP: 13/13 MP: 3/3
   100 | D:1      | Reached XP level 2. HP: 19/19 MP: 1/5
   345 | D:1      | Reached XP level 3. HP: 24/24 MP: 0/6
   882 | D:2      | Gained mutation: You passively map a small area around you.
                  | [potion of mutation]
   882 | D:2      | Gained mutation: You are partially covered in iridescent
                  | scales. (AC +2) [potion of mutation]
   882 | D:2      | Gained mutation: Your flesh is cold resistant. (rC+)
                  | [potion of mutation]
   917 | D:2      | Lost mutation: You passively map a small area around you.
                  | [potion of mutation]
   917 | D:2      | Lost mutation: You are partially covered in iridescent
                  | scales. (AC +2) [potion of mutation]
   917 | D:2      | Gained mutation: You have hidden genetic potential. [potion
                  | of mutation]
   917 | D:2      | Lost mutation: Your flesh is cold resistant. (rC+) [potion
                  | of mutation]
   923 | D:2      | Learned a level 2 spell: Searing Ray
  1009 | D:2      | Found a faded altar of an unknown god.
  1020 | D:2      | Prayed at the altar of an unknown god.
  1020 | D:2      | Became a worshipper of Gozag Ym Sagoz the Greedy
  1503 | D:2      | Found a blossoming altar of Fedhas.
  1519 | D:2      | Fell from the grace of Gozag
  1519 | D:2      | Became a worshipper of Fedhas Madash
  1859 | D:2      | Fell from the grace of Fedhas
  1859 | D:2      | Became a worshipper of Gozag Ym Sagoz the Greedy
  2002 | D:3      | Reached XP level 4. HP: 28/31 MP: 1/7
  2127 | D:3      | Gained mutation: You are agile. (Dex +4, Str/Int -1)
                  | [hidden potential]
  2274 | D:3      | Found a sparkling altar of Nemelex Xobeh.
  2538 | D:3      | Reached skill level 1 in Fighting
  2723 | D:3      | Found Hovanowu's Distillery.
  2730 | D:3      | Bought a potion of heal wounds for 50 gold pieces
  2730 | D:3      | Bought a potion of heal wounds for 50 gold pieces
  2905 | D:4      | Noticed a centaur
  2927 | D:4      | Killed a centaur
  2928 | D:4      | Reached skill level 5 in Conjurations
  2928 | D:4      | Reached XP level 5. HP: 20/37 MP: 0/9
  2938 | D:4      | Gained mutation: Your flesh is cold resistant. (rC+)
                  | [hidden potential]
  2938 | D:4      | Lost mutation: You have hidden genetic potential. [hidden
                  | potential expressed]
  2948 | D:4      | Found Boshru's Overcharged Wands.
  2992 | D:4      | Lost mutation: Your flesh is cold resistant. (rC+) [potion
                  | of mutation]
  2992 | D:4      | Lost mutation: You are agile. (Dex +4, Str/Int -1) [potion
                  | of mutation]
  2992 | D:4      | Gained mutation: You expend magic power (3 MP) to
                  | strengthen your wands. [potion of mutation]
  2992 | D:4      | Gained mutation: Your muscles are strong. (Str +4, Int/Dex
                  | -1) [potion of mutation]
  2992 | D:4      | Gained mutation: You occasionally lose the ability to drink
                  | potions when taking damage. [potion of mutation]
  2994 | D:4      | Lost mutation: You occasionally lose the ability to drink
                  | potions when taking damage. [potion of mutation]
  2994 | D:4      | Lost mutation: You expend magic power (3 MP) to strengthen
                  | your wands. [potion of mutation]
  2994 | D:4      | Gained mutation: You have sharp toenails. [potion of
                  | mutation]
  2994 | D:4      | Gained mutation: Your mind is acute. (Int +4, Str/Dex -1)
                  | [potion of mutation]
  2994 | D:4      | Gained mutation: Your spells are a little easier to cast,
                  | but a little less powerful. [potion of mutation]
  3079 | D:4      | Noticed Grinder
  3195 | D:4      | Found a blossoming altar of Fedhas.
  3195 | D:4      | Noticed Menkaure
  3214 | D:4      | Killed Menkaure
  3215 | D:4      | Reached skill level 1 in Polearms
  3215 | D:4      | Reached XP level 6. HP: 35/43 MP: 0/11
  3313 | D:4      | Noticed an oklob plant
  3313 | D:4      | Noticed a wandering mushroom
  3316 | D:4      | Mangled by a wandering mushroom

Illustrated notes

Levels and vault maps discovered:
D:1:      saegor_arrival_simple_c, layout_basic, minmay_misc_feat_ornament,
          serial_bayou_pond_b
D:2:      layout_loops_corners, basic_altar, shapermc_ecumenical_altar_pompeii,
          minmay_pentomino_pile
D:3:      layout_basic, nemelex_xobeh_ov_fountains_minmay, serial_shops, shop
D:4:      layout_loops_ring, lemuel_round_altar, gup_sewer_entry_bowl,
          chequers_serial_rivers_small_3, nicolae_shop_overcharged_wands,
          uniq_grinder, uniq_menkaure

Skill      XL: |  1  2  3  4  5 |
---------------+----------------+-----
Fighting       | 1 |  1.2
Conjurations   | 5 |  5.4
Polearms       | 1 |  1.2
Stealth        | 3 |  3.0
Spellcasting   | 3 |  3.4
Maces & Flails | |  0.2
Dodging        | |  2.9
Evocations     | |  0.2

Action                   |  1- 3 |  4- 6 || total
-------------------------+-------+-------++-------
Melee: Club              |    38 |       ||    38
       Unarmed           |     2 |       ||     2
       Spear             |     9 |       ||     9
       Dagger            |       |     4 ||     4
       Kick              |       |     1 ||     1
 Cast: Magic Dart        |    51 |    58 ||   109
Evoke: Wand              |       |     5 ||     5
  Use: Potion            |     4 |    10 ||    14
       Scroll            |     3 |     7 ||    10
 Stab: Paralysed         |       |     1 ||     1
Armor: Robe              |    32 |     5 ||    37
Dodge: Dodged            |    53 |    13 ||    66

Table legend: (Time is in decaauts)
 A = Elapsed time spent in this place.
 B = Non-inter-level travel time spent in this place.
 C = Inter-level travel time spent in this place.
 D = Time resting spent in this place.
 E = Time spent auto-exploring this place.
 F = Levels seen in this place.
 G = Mean time per level.
                   A        B        C        D        E       F      G
               +--------+--------+--------+--------+--------+-----+--------+
         Total |   3330 |   2578 |    752 |      0 |   2103 |   4 |  832.5 |
       Dungeon |   3330 |   2578 |    752 |      0 |   2103 |   4 |  832.5 |
               +--------+--------+--------+--------+--------+-----+--------+

Top non-repeatable levels by time:
     D:2: 1003 daAuts
     D:3: 981 daAuts
     D:1: 888 daAuts
     D:4: 458 daAuts
